 Dungeon Crawl Stone Soup version 0.20-a0-513-g02c11fc (webtiles) character file.

9573 dvd the Thaumaturge (level 11, -24/75 HPs)
             Began as a Mummy Necromancer on Jan 22, 2017.
             Was an Initiate of Gozag.
             Killed from afar by Harold (61 damage)
             ... with a bolt of fire
             ... on level 10 of the Dungeon.
             The game lasted 00:37:19 (13663 turns).

dvd the Thaumaturge (Mummy Necromancer)            Turns: 13663, Time: 00:37:20

Health: -24/75     AC:  9    Str: 10    XL:     11   Next: 24%
Magic:  20/28      EV: 14    Int: 21    God:    Gozag
Gold:   1598       SH:  0    Dex: 13    Spells: 25/36 levels left

rFire    x . .     SeeInvis .   o - +9 mace "Jiehotag" {speed, *Contam +Fly Int+4}
rCold    + + +     Gourm    .   E - +1 robe of Valikeomu {rElec rC++ rN+ Str-2} (curse)
rNeg     + + +     Faith    .   (no shield)
rPois    ∞         Spirit   .   e - +2 helmet
rElec    +         Reflect  .   h - +1 cloak {+Inv}
rCorr    .         Harm     .   F - +0 pair of gloves
MR       +....                  (no boots)
Stlth    ++........             (no amulet)
Regen    0.3/turn               (no ring)
                                (no ring)

@: no status effects
A: no food or potions, fire vulnerability, cold resistance 1, negative energy
resistance 3, torment resistance, unbreathing
a: Potion Petition, Call Merchant, Bribe Branch, Renounce Religion, Evoke
Invisibility, Evoke Flight


You were on level 10 of the Dungeon.
You worshipped Gozag.
Gozag was most pleased with you.
You were not hungry.

You visited 3 branches of the dungeon, and saw 13 of its levels.

You collected 2244 gold pieces.
You spent 464 gold pieces at shops.
You paid 182 gold pieces to Gozag.

Inventory:

Hand Weapons
 a - a +2 battleaxe of chopping
 i - a +0 short sword of venom
 o - the +9 mace "Jiehotag" (weapon) {speed, *Contam +Fly Int+4}
   (You found it on level 6 of the Dungeon)

   Attacks with this weapon are significantly faster.
   It affects your intelligence (+4).
   It lets you fly.
   It causes magical contamination when unequipped.
 s - a +3 falchion of flaming
 t - a +0 whip of electrocution
 v - a +0 great sword of flaming
 C - a +1 war axe of flaming
 J - a +3 war axe
Missiles
 g - 4 tomahawks
 k - 3 javelins (quivered)
Armour
 e - a +2 helmet (worn)
 h - a +1 cloak of invisibility (worn)
 E - the cursed +1 robe of Valikeomu (worn) {rElec rC++ rN+ Str-2}
   (You bought it in a shop on level 9 of the Dungeon)

   It affects your strength (-2).
   It greatly protects you from cold.
   It insulates you from electricity.
   It protects you from negative energy.
   It has a curse placed upon it.
 F - a +0 pair of gloves (worn)
 K - a +1 hat
Jewellery
 L - an uncursed amulet of guardian spirit
Wands
 f - a wand of lightning (5/15)
 j - a wand of flame (26/48)
 n - a wand of lightning (15/15)
 q - a wand of random effects (33/48)
 r - a wand of flame (14/48)
 u - a wand of flame (22/48)
 x - a wand of lightning (8/15)
 A - a wand of iceblast (6/15)
 G - a wand of polymorph (12/24)
 H - a wand of iceblast (4/15)
 I - a wand of lightning (4/15)
 M - a wand of digging (19/24)
Scrolls
 c - 6 scrolls of identify
 d - 2 scrolls of remove curse
 l - a scroll of teleportation
 m - a scroll of recharging
 p - 3 scrolls of immolation
 y - a scroll of enchant weapon
 B - a scroll of enchant armour
 D - 5 scrolls of magic mapping
Books
 b - a book of Necromancy

   Spells                             Type                      Level
   a - Pain                           Necromancy                   1
   b - Animate Skeleton               Necromancy                   1
   c - Vampiric Draining              Necromancy                   3
   d - Regeneration                   Charms/Necromancy            3
   e - Animate Dead                   Necromancy                   4
   f - Control Undead                 Necromancy                   4
 z - a book of Geomancy

   Spells                             Type                      Level
   a - Sandblast                      Earth                        1
   b - Passwall                       Transmutation/Earth          2
   c - Stone Arrow                    Conjuration/Earth            3
   d - Petrify                        Transmutation/Earth          4
   e - Lee's Rapid Deconstruction     Earth                        5


   Skills:
 + Level 3.4 Fighting
 + Level 1.0(1.4) Short Blades
 + Level 1.6(1.8) Long Blades
 + Level 3.7 Maces & Flails
 + Level 2.3 Armour
 + Level 4.1 Dodging
 + Level 3.1 Stealth
 + Level 13.1 Spellcasting
 + Level 1.0 Conjurations
 + Level 10.7 Necromancy
 + Level 1.0 Earth Magic


You had 25 spell levels left.
You knew the following spells:

 Your Spells              Type           Power        Failure   Level  Hunger
a - Pain                  Necr           ####         1%          1    N/A
b - Vampiric Draining     Necr           ######....   1%          3    N/A
c - Control Undead        Necr           ######....   1%          4    N/A
d - Stone Arrow           Conj/Erth      ###...       12%         3    N/A

Dungeon Overview and Level Annotations

Branches:
Dungeon (11/15)            Temple (1/1) D:7            Lair (0/6) D:11
    Orc (1/2) D:10

Altars:
Ashenzari
Cheibriados
Dithmenos
Elyvilon
Fedhas
Gozag
Hepliaklqana
Kikubaaqudgha
Makhleb
Nemelex Xobeh
Okawaru
Qazlal
Ru
Sif Muna
Trog
Uskayaw
Vehumet
Xom
Yredelemnul
Zin
The Shining One

Shops:
D:9 [

Annotations:
D:10 Harold
D:11 exclusion: oklob plant


Innate Abilities, Weirdness & Mutations

You do not eat or drink.
Your flesh is vulnerable to fire.
You are immune to poison.
Your flesh is cold resistant. (rC+)
You are immune to negative energy. (rN+++)
You are immune to unholy pain and torment.
You can survive without breathing.


Message History

Harold is heavily wounded.
This wand has 6 charges left.
Harold says, "This is so exciting!
What a great way to end my career!"
Harold casts a spell at you. The bolt of fire hits you!
The fire burns you terribly!
Evoke which item? (* to show all) (? for menu, Esc to quit)
Aiming: Lightning Bolt
Press: ? - help, Shift-Dir - straight line, f/p - Harold
Aim: Harold, wielding a flail of protection and wearing a ring mail (heavily wounded)
You hear a mighty clap of thunder!
The bolt of lightning hits Harold.
Harold appears unharmed.
Harold is heavily wounded.
The bolt of lightning hits Harold.
Harold appears unharmed.
Harold is heavily wounded.
This wand has 5 charges left.
Harold gestures at you while chanting. The bolt of fire hits you!
The fire burns you terribly!
Ouch! That really hurt!
You die...
Your body crumbles into a pile of gold.

........#...###.# ###........##
.......##.##....# #........##
.......##....#### ###########
............##### ##...
.......##.......# ##....
.............##.############.....
......#.####...............#.....
.....##.# ###@###########.......
.....##.### #[)@>[.### ##......
..........#########...## ##.....
.....##.#.......#####..# #.....
.....#..#######........### #.....
....##.## ######.....# #.....
....#..# #.....# #..... ......##
#.....# #...@. .....## #######
#..... (....# ##...<


You could see Harold.

Vanquished Creatures
  2 two-headed ogres
  Sonja (D:11)
  Pikel (D:5)
  5 trolls
  A water elemental (D:11)
  A wyvern (D:9)
  A steam dragon (D:10)
  4 yaks (D:9)
  A human (D:9)
  3 hogs (D:9)
  A water moccasin (D:10)
  2 black bears
  3 sky beasts
  An ice beast (D:10)
  A hornet zombie (D:11)
  A necrophage (D:6)
  6 orc warriors
  6 ogres
  10 centaurs
  Blork the orc (D:7)
  2 bullfrogs
  A scorpion (D:6)
  6 killer bees (D:8)
  3 wights (D:11)
  An electric eel (D:11)
  3 howler monkeys
  A bullfrog zombie (D:11)
  5 crimson imps
  A quasit (D:10)
  2 hounds
  4 orc priests
  2 bullfrog skeletons (D:6)
  5 jellies
  An iron imp (D:9)
  2 iguanas
  7 orc wizards
  Natasha (thrice) (D:4)
  5 worker ants
  3 hound skeletons
  A howler monkey zombie (D:10)
  8 adders
  2 shadow imps
  2 oozes
  2 adder zombies
  An adder skeleton (D:9)
  2 worms
  A dart slug (D:3)
  A leopard gecko (D:10)
  35 orcs
  3 bats
  2 giant cockroaches
  6 goblins
  3 hobgoblins
  16 jackals
  7 kobolds
  4 quokkas
  A ball python (D:7)
  2 frilled lizards
  A leopard gecko skeleton (D:4)
  2 rats
  A spectral orc (D:5)
212 creatures vanquished.

Vanquished Creatures (collateral kills)
  A wight (D:11)
1 creature vanquished.

Vanquished Creatures (others)
  2 orcs (D:5)
  A giant cockroach (D:5)
  2 plants (D:11)
5 creatures vanquished.

Grand Total: 218 creatures vanquished

Notes
Turn   | Place    | Note
-------+----------+-------------------------------------------
     0 | D:1      | dvd the Mummy Necromancer began the quest for the Orb.
     0 | D:1      | Reached XP level 1. HP: 13/13 MP: 4/4
   361 | D:1      | Reached XP level 2. HP: 19/19 MP: 2/5
   879 | D:1      | You fall through a shaft!
   906 | D:2      | Found an opulent altar of Gozag.
   913 | D:2      | Became a worshipper of Gozag Ym Sagoz the Greedy
  1083 | D:2      | Reached skill level 3 in Spellcasting
  1585 | D:3      | Reached XP level 3. HP: 24/24 MP: 4/7
  1698 | D:2      | Learned a level 3 spell: Vampiric Draining
  2104 | D:3      | Found a shattered altar of Ashenzari.
  2262 | D:3      | Reached skill level 4 in Spellcasting
  2264 | D:3      | Reached XP level 4. HP: 30/30 MP: 10/10
  2478 | D:4      | Noticed Natasha
  2487 | D:4      | Killed Natasha
  2487 | D:4      | Reached skill level 5 in Necromancy
  2609 | D:4      | Noticed Natasha
  2638 | D:4      | Killed Natasha
  2638 | D:4      | Reached XP level 5. HP: 21/35 MP: 1/11
  2745 | D:4      | Noticed Natasha
  2748 | D:4      | Killed Natasha
  2836 | D:4      | Reached skill level 5 in Spellcasting
  2940 | D:4      | Learned a level 4 spell: Control Undead
  3123 | D:4      | Reached XP level 6. HP: 25/42 MP: 11/14
  3364 | D:4      | Reached skill level 1 in Fighting
  3842 | D:5      | Entered Level 5 of the Dungeon
  3870 | D:5      | Noticed Pikel
  3871 | D:5      | Noticed a slave
  3871 | D:5      | Noticed a slave
  3874 | D:5      | Noticed a slave
  3876 | D:5      | Noticed a slave
  3891 | D:5      | Killed Pikel
  3891 | D:5      | Reached skill level 1 in Short Blades
  3891 | D:5      | Reached skill level 6 in Spellcasting
  3891 | D:5      | Reached XP level 7. HP: 32/49 MP: 0/17
  4280 | D:5      | Reached skill level 7 in Spellcasting
  4325 | D:5      | Reached XP level 8. HP: 27/56 MP: 6/18
  4540 | D:5      | Found a basalt altar of Yredelemnul.
  4676 | D:5      | Found a blossoming altar of Fedhas.
  4762 | D:6      | Reached skill level 1 in Long Blades
  4770 | D:6      | Reached skill level 8 in Spellcasting
  5260 | D:6      | Found a radiant altar of Vehumet.
  5312 | D:6      | Got a translucent mace
  5313 | D:6      | Identified the +9 mace "Jiehotag" {speed, *Contam +Fly Int+4} (You found it on level 6 of the Dungeon)
  5517 | D:6      | Reached skill level 1 in Armour
  5517 | D:6      | Reached skill level 9 in Spellcasting
  5559 | D:6      | Found a shattered altar of Ashenzari.
  5590 | D:6      | Found a burning altar of Makhleb.
  5778 | D:7      | Reached XP level 9. HP: 61/61 MP: 22/22
  5846 | D:7      | Found a white marble altar of Elyvilon.
  5860 | D:7      | Noticed Blork the orc
  5870 | D:7      | Killed Blork the orc
  5914 | D:7      | Found a deep blue altar of Sif Muna.
  5949 | D:7      | Found a staircase to the Ecumenical Temple.
  6233 | D:7      | Reached skill level 1 in Maces & Flails
  6713 | Temple   | Entered the Ecumenical Temple
  6943 | D:8      | Found a stormy altar of Qazlal.
  7219 | D:8      | Learned a level 3 spell: Stone Arrow
  7346 | D:8      | Reached skill level 10 in Spellcasting
  7694 | D:9      | Found a shadowy altar of Dithmenos.
  7734 | D:9      | Noticed a troll
  7740 | D:9      | Killed a troll
  7900 | D:9      | Found a snail-covered altar of Cheibriados.
  7979 | D:9      | Reached XP level 10. HP: 33/68 MP: 3/24
  8170 | D:9      | Found a sacrificial altar of Ru.
  8281 | D:9      | Reached skill level 11 in Spellcasting
  8446 | D:9      | Found Baesosyena's Armour Shoppe.
  8471 | D:9      | Bought the cursed +1 robe of Valikeomu {rElec rC++ rN+ Str-2} for 410 gold pieces
  8483 | D:9      | Bought a +0 pair of gloves for 54 gold pieces
  8521 | D:9      | Noticed a two-headed ogre
  8530 | D:9      | Killed a two-headed ogre
  9255 | D:10     | Entered Level 10 of the Dungeon
  9363 | D:10     | Found a snail-covered altar of Cheibriados.
  9387 | D:10     | Reached skill level 10 in Necromancy
  9556 | D:10     | Noticed a two-headed ogre
  9586 | D:10     | Killed a two-headed ogre
  9586 | D:10     | Reached skill level 12 in Spellcasting
 10120 | D:10     | Found a staircase to the Orcish Mines.
 10746 | D:11     | Reached XP level 11. HP: 48/75 MP: 18/27
 11537 | D:11     | Found a staircase to the Lair.
 11541 | D:11     | Noticed an oklob plant
 12491 | D:11     | Noticed Sonja
 12503 | D:11     | Killed Sonja
 12503 | D:11     | Reached skill level 1 in Conjurations
 12503 | D:11     | Reached skill level 1 in Earth Magic
 12928 | Orc:1    | Entered Level 1 of the Orcish Mines
 12928 | Orc:1    | Noticed Harold
 12933 | Orc:1    | Noticed an orc sorcerer
 12935 | Orc:1    | Noticed an orc knight
 12937 | Orc:1    | Noticed a soul eater
 12965 | D:10     | Reached skill level 13 in Spellcasting
 13572 | Orc:1    | Noticed a sixfirhy
 13663 | D:10     | Killed from afar by Harold

Vault maps used:
D:1:      dpeg_arrival_another_circle
D:2:      nicolae_gozag_cash_rules_everything_around_me
D:3:      first_bread, evilmike_ruin_ashenzari
D:4:      grunt_decor_cap, uniq_natasha
D:5:      fedhas_altar_fruit_tree, yredelemnul_forgotten_temple_becter,
          uniq_pikel
D:6:      vehumet_altar_wand_db, basic_altar, minivault_22,
          makhleb_blood_cavern_becter
D:7:      tgw_sif, basic_altar
D:8:      overflow_temple_1_default
D:9:      lemuel_round_altar, nicolae_ru_path_of_blood, slow_altar_1,
          serial_shops, nicolae_shop_trees, grunt_livestock
D:10:     orc_0_dummy, basic_altar
D:11:     dpeg_oklobed_lair, kennysheep_boxes, uniq_sonja
Temple:   hc_temple_tempest_star
Orc:1:    basic_altar, serial_shops, shop, nicolae_volcano_entry_hallway,
          minmay_orc_barracks, uniq_fannar, uniq_gastronok, uniq_harold

Skill      XL: |  1  2  3  4  5  6  7  8  9 10 11 |
---------------+----------------------------------+-----
Spellcasting   | 3 4 5 6 7 9 10 12 13 | 13.1
Necromancy     | 5 6 7 9 10 | 10.7
Dodging        | 2 3 4 |  4.1
Fighting       | 1 2 3 |  3.4
Short Blades   | 1 |  1.0
Stealth        | 2 3 |  3.1
Long Blades    | 1 |  1.6
Armour         | 1 2 |  2.3
Maces & Flails | 2 3 |  3.7
Conjurations   | 1 |  1.0
Earth Magic    | 1 |  1.0

Action                   |  1- 3 |  4- 6 |  7- 9 | 10-12 || total
-------------------------+-------+-------+-------+-------++-------
Melee: Short sword       |    24 |    56 |     4 |       ||    84
       Falchion          |       |    16 |    54 |       ||    70
       Mace              |       |       |   113 |   174 ||   287
 Cast: Pain              |    66 |    38 |    63 |    38 ||   205
       Vampiric Draining |     4 |    18 |    43 |    77 ||   142
       Stone Arrow       |       |       |     7 |    19 ||    26
       Control Undead    |       |       |       |     5 ||     5
Invok: Potion Petition   |       |       |       |     2 ||     2
 Abil: Evoke Flight      |       |       |     1 |       ||     1
Evoke: Wand              |       |       |       |     4 ||     4
  Use: Scroll            |       |       |    17 |     1 ||    18
 Stab: Distracted        |       |     1 |       |     1 ||     2
       Sleeping          |       |       |     3 |       ||     3
Armor: Robe              |     7 |    18 |       |    65 ||    90
       Leather armour    |       |       |    70 |     2 ||    72
Dodge: Dodged            |    28 |    59 |   157 |   172 ||   416
       Rpst.: Falchion   |       |     6 |    14 |       ||    20
